Cogmind - Beta 17 @@@ ROGUE MODE // 2026.06.26 @ 13:27:33 Player: Godsword Result: Self-destructed Performance ------------- Evolutions (2) 1000 Regions Visited (3) 600 Robots Destroyed (9) 45 Value Destroyed (194) 194 Prototype IDs (2) 40 Alien Tech Used (0) 0 Bonus (8335) 8335 TOTAL SCORE: 10214 Bonus ------- Follower Combat Kills 35 Prayed to X0-1V1 5000 Major X0-1V1 Interference 3300 Cogmind --------- Core Integrity 433/550 Matter 103/700 Energy 1100/1100 System Corruption 0% Temperature Cool (0) Movement Core (50) Location -8/Materials Parts ------- > --- POWER (2) -------- (None) > --- PROPULSION (4) --- (None) > --- UTILITY (4) ------ Advanced Visual Processing Unit Improved Utility Shielding System Shield X0-1V1's Piety Tracker > --- WEAPON (1) ------- (None) > --- INVENTORY (6) ---- Subdweller Power Source Subdweller Power Source Improved Utility Shielding Subdweller Laser Rocket Launcher Scimitar of Distortion Peak State ------------ > --- POWER ------------ Light Ion Engine Light Nuclear Core > --- PROPULSION ------- Armored Huge Wheel > --- UTILITY ---------- Advanced Visual Processing Unit Heavy Armor Plating X0-1V1's Piety Tracker > --- WEAPON ----------- Scimitar of Distortion > --- INVENTORY -------- Subdweller Power Source Subdweller Power Source Improved Utility Shielding Improved Utility Shielding Subdweller Laser Rocket Launcher [Rating: 41] Favorites ----------- Power Light Nuclear Core Engine Light Ion Engine Power Core Light Nuclear Core Propulsion Armored Huge Wheel Wheel Armored Huge Wheel Utility X0-1V1's Piety Tracker Device X0-1V1's Piety Tracker Storage Medium Battery Processor Advanced Visual Processing Unit Hackware System Shield Protection Improved Utility Shielding Weapon Scimitar of Distortion Launcher Grenade Launcher Slashing Weapon Scimitar of Distortion Build | -11 -10 -10 -8 ------- Run | Yrd Mat Sub Mat Slots Evolved 4 | . . . 4 Power . | . . . . Propulsion 2 | . . . 2 Utility 2 | . . . 2 Weapon . | . . . . Parts Attached 19 | . 2 2 15 Power 2 | . . . 2 Engine 1 | . . . 1 Core 1 | . . . 1 Reactor . | . . . . Propulsion 1 | . . . 1 Treads . | . . . . Leg . | . . . . Wheel 1 | . . . 1 Hover . | . . . . Flight . | . . . . Utility 13 | . 2 . 11 Device 5 | . 2 . 3 Storage 1 | . . . 1 Processor 4 | . . . 4 Hackware 1 | . . . 1 Protection 2 | . . . 2 Artifact . | . . . . Weapon 3 | . . 2 1 Energy Gun . | . . . . Energy Cannon . | . . . . Ballistic Gun . | . . . . Ballistic Cannon . | . . . . Launcher 2 | . . 2 . Special Weapon . | . . . . Impact Weapon . | . . . . Slashing Weapon 1 | . . . 1 Piercing Weapon . | . . . . Special Melee Weapon . | . . . . Unidentified Prototypes 2 | . 1 . 1 Parts Lost 9 | . . 2 7 Power 2 | . . . 2 Propulsion 1 | . . . 1 Utility 4 | . . 1 3 Weapon 2 | . . 1 1 Highest Loss Streak 3 | . . 2 3 To Critical Strikes . | . . . . Average Backups 4 | . 2 4 5 Power 1 | . 1 1 2 Propulsion . | . . . . Utility 1 | . . 1 1 Weapon 1 | . 1 2 1 Tool/Special . | . . . . Unused Backups 6 | . . . 6 Power 2 | . . . 2 Propulsion . | . . . . Utility 1 | . . . 1 Weapon 3 | . . . 3 Tool/Special . | . . . . Average Slot Usage (%) 31 | . 11 29 46 Engine 1 | . . . 2 Core 1 | . . . 3 Wheel 1 | . . . 5 Device 16 | . 11 28 7 Processor 4 | . . . 11 Protection 2 | . . . 7 Launcher 1 | . . 1 1 Slashing Weapon 2 | . . . 5 Peak Build Rating 41 | . 14 16 41 Average Rating 15 | . 1 14 26 On Entrance 6 | . . 14 13 Avg Prop Armor Cover (%) . | . . . . Naked Turns 18 | . 18 . . Heaviest Build 29 | . 3 9 29 Greatest Support 28 | 3 3 3 28 Greatest Overweight (x) 3 | . . 2 3 Average Overweight (x) . | . . . . Largest Inventory Capacity 6 | 5 5 6 6 Average Capacity 5 | 5 5 5 6 Most Carried 6 | 1 4 6 6 Average Carried 4 | . 2 4 5 Final Capacity 6 | 5 5 6 6 Final Carried 6 | 1 4 6 6 Class Distribution -------------------- 100% | Mutant Dominant Class ---------------- Mutant | -10/Materials Mutant | -10/Subcaves Mutant | -8/Materials Resources | -11 -10 -10 -8 ----------- Run | Yrd Mat Sub Mat Matter Collected 309 | 200 . 80 29 Remotely . | . . . . Salvage Created 276 | . . 42 234 Parts 10 | . . 1 9 Haulers Intercepted . | . . . . Recyclers Shooed . | . . . . Parts Field Recycled . | . . . . Retrieved Matter . | . . . . Parts Self-Destructed 15 | . . 15 . Prevented . | . . . . Parts Restored . | . . . . Kills | -11 -10 -10 -8 ------- Run | Yrd Mat Sub Mat Combat Hostiles Destroyed 5 | . . 1 4 Melee 3 | . . . 3 AOE 1 | . . 1 . Classes Destroyed 7 | . . 1 6 Builder 1 | . . . 1 Recycler 2 | . . . 2 Watcher 1 | . . . 1 Swarmer 2 | . . . 2 Grunt 1 | . . . 1 Sentry 1 | . . . 1 Subdweller 1 | . . 1 . Best Kill Streak 2 | . . 1 2 Combat Bots Only 2 | . . 1 2 Max Kills in Single Turn 1 | . . 1 1 Gunslinging . | . . . . Exploded 1 | . . 1 . Melee 1 | . . . 1 Uniques/NPCs Destroyed . | . . . . Combat | -11 -10 -10 -8 -------- Run | Yrd Mat Sub Mat Hostile Shots Fired 91 | . 1 7 83 Missed 24 | . 1 . 23 Hits 67 | . . 7 60 Melee 9 | . . . 9 Projectile 58 | . . 7 51 Critical Strikes 5 | . . . 5 Damage Taken 1119 | . . 198 921 Core 189 | . . 72 117 Absorbed by Shields . | . . . . Redirected to Shielding 21 | . . . 21 Core Remaining (%) 95 | 100 . 90 . Volleys Fired 9 | . . 1 8 Largest 2 | . . 2 1 Hottest 60 | . . 60 30 Shots Fired 10 | . . 2 8 Gun . | . . . . Cannon . | . . . . Launcher 10 | . . 2 8 Special . | . . . . Kinetic . | . . . . Thermal . | . . . . Explosive 10 | . . 2 8 Electromagnetic . | . . . . Robot Hit Streak 3 | . . 2 3 Robot Miss Streak 2 | . . . 2 Penetration Max . | . . . . Secondary Targets . | . . . . Shots Hit Robots 19 | . . 2 17 Core Hits 16 | . . 1 15 Critical Kills . | . . . . Critical Parts Destroyed . | . . . . Critical Strikes . | . . . . Melee Attacks 20 | . . . 20 Impact . | . . . . Slashing 20 | . . . 20 Piercing . | . . . . Sneak Attacks 1 | . . . 1 Combat Hostiles . | . . . . Follow-up Attacks . | . . . . Damage Inflicted 856 | . . 78 778 Guns . | . . . . Cannons . | . . . . Explosions 421 | . . 78 343 Melee 429 | . . . 429 Ramming 6 | . . . 6 Kinetic . | . . . . Thermal . | . . . . Explosive 421 | . . 78 343 Electromagnetic . | . . . . Impact . | . . . . Slashing 429 | . . . 429 Piercing . | . . . . Highest Corruption 3 | . . . 3 Average Corruption 2 | . . . 2 Corruption Purged . | . . . . Corruption Blocked . | . . . . Effects 2 | . . . 2 Matter Fused 1 | . . . 1 Heat Flow Errors 1 | . . . 1 Overload Shots . | . . . . Overflow Damage 5 | . . . 5 Projectiles . | . . . . Explosions 3 | . . . 3 Melee 2 | . . . 2 Knockbacks . | . . . . Impact . | . . . . Kinetic . | . . . . Secondary . | . . . . Self-Inflicted Damage 26 | . . . 26 Shots 2 | . . . 2 Rammed 1 | . . . 1 Targets Rammed 1 | . . . 1 Kicked . | . . . . Crushed . | . . . . Highest Temperature 208 | . . . 208 Average Temperature 86 | . . . 86 Received Heat Transfer 321 | . . 24 297 Siege Activations . | . . . . Martial Activations . | . . . . Shielding Activations . | . . . . Robots Disrupted . | . . . . Combat Hostiles . | . . . . Robots Corrupted . | . . . . Combat Hostiles . | . . . . Parts Fried . | . . . . Impact Corruptions . | . . . . Robots Melted . | . . . . Combat Hostiles . | . . . . Parts Melted . | . . . . Heat Transferred . | . . . . Parts Sabotaged . | . . . . Parts Stolen . | . . . . Parts Stripped 8 | . . . 8 Power Chain Reactions . | . . . . Alert | -11 -10 -10 -8 ------- Run | Yrd Mat Sub Mat Maximum Alert Level . | . . . . Low Security (%) 100 | 100 100 . 100 Level 1 . | . . . . Level 2 . | . . . . Level 3 . | . . . . Level 4 . | . . . . Level 5 . | . . . . High Security . | . . . . Max Security . | . . . . Peak Influence 176 | . . . 176 Initial . | . . . . Average 77 | . . . 127 Influence Increases 348 | . . . 348 Destroy 0b10 Robot/C 100 | . . . 100 Destroy 0b10 Robot/NC 20 | . . . 20 Destroy Leader 22 | . . . 22 Allied During Kill 1 | . . . 1 Destroy Structure 52 | . . . 52 Lose Combat Pursuer 45 | . . . 45 Miscellaneous 108 | . . . 108 Influence Decreases 200 | . . . 200 Time Decay 110 | . . . 110 Lost Part 70 | . . . 70 Lost Ally 20 | . . . 20 Squads Dispatched 7 | . 1 . 6 Investigation 2 | . 1 . 1 Extermination . | . . . . Reinforcement 3 | . . . 3 Assault 2 | . . . 2 Garrison . | . . . . Intercept . | . . . . Searches Triggered . | . . . . Construction Impeded 1 | . . . 1 Haulers Reinforced . | . . . . Active Scanning Responses . | . . . . Cargo Convoy Interrupts . | . . . . Stealth | -11 -10 -10 -8 --------- Run | Yrd Mat Sub Mat Distress Signals 2 | . . . 2 Communications Jammed . | . . . . Distress Signals . | . . . . Times Spotted 30 | . 1 3 26 Peak Tracking Total 8 | . 1 3 8 Tactical Retreats 3 | . . . 3 Traps | -11 -10 -10 -8 ------- Run | Yrd Mat Sub Mat Traps Triggered 1 | . . 1 . Indirectly . | . . . . Trap Hack Attempts . | . . . . Triggered . | . . . . Disarmed . | . . . . Reprogrammed . | . . . . Reused . | . . . . Traps Extracted . | . . . . Installed . | . . . . Triggered . | . . . . Machines | -11 -10 -10 -8 ---------- Run | Yrd Mat Sub Mat Machines Disabled . | . . . . Max in Single Turn . | . . . . Garrison Access 1 | . . . 1 Machines Repaired . | . . . . Machines Dismantled . | . . . . Machines Sabotaged . | . . . . Overloaded Fab Kills . | . . . . Hacking | -11 -10 -10 -8 --------- Run | Yrd Mat Sub Mat Machines Accessed 3 | . 3 . . Terminals 2 | . 2 . . Fabricators . | . . . . Repair Stations . | . . . . Recycling Units 1 | . 1 . . Scanalyzers . | . . . . Garrison Access . | . . . . Total Hacks 5 | . 5 . . Successful 1 | . 1 . . Failed 4 | . 4 . . Catastrophic 1 | . 1 . . Database Lockouts . | . . . . Manual 6 | . 6 . . Terminals 4 | . 4 . . Fabricators . | . . . . Repair Stations . | . . . . Recycling Units 1 | . 1 . . Scanalyzers . | . . . . Garrison Access . | . . . . Terminal Hacks . | . . . . Fabricator Hacks . | . . . . Repair Station Hacks . | . . . . Recycling Unit Hacks 1 | . 1 . . Retrieve Components 1 | . 1 . . Scanalyzer . | . . . . Garrison Access Hacks . | . . . . Unauthorized Hacks . | . . . . Terminals . | . . . . Fabricators . | . . . . Repair Stations . | . . . . Recycling Units . | . . . . Scanalyzers . | . . . . Garrison Access . | . . . . Data Cores Recovered . | . . . . Used . | . . . . Hacking Detections 2 | . 2 . . Full Trace Events 1 | . 1 . . Feedback Events . | . . . . Feedback Blocked . | . . . . Robot Schematics Acquired . | . . . . Robots Built . | . . . . Authchips . | . . . . Time . | . . . . Total Robot Build Rating . | . . . . Part Schematics Acquired . | . . . . Parts Built . | . . . . Authchips . | . . . . Time . | . . . . Total Part Build Rating . | . . . . Part Studies Acquired . | . . . . Parts Repaired . | . . . . Time . | . . . . Parts Recycled . | . . . . Recycled Matter . | . . . . Retrieved Matter . | . . . . Retrieved Components 2 | . 2 . . Parts Scanalyzed . | . . . . Part Schematics Acquired . | . . . . Parts Damaged . | . . . . Bothacking | -11 -10 -10 -8 ------------ Run | Yrd Mat Sub Mat Used RIF Installer . | . . . . Robots Hacked . | . . . . Non-combat . | . . . . Combat . | . . . . Robot Hacks Applied . | . . . . Relay Couplers Released 3 | . . . 3 Machine Destruction 3 | . . . 3 Fabnet Peak Effective % . | . . . . Robots Rewired . | . . . . Allies Hacked . | . . . . Hacks Repelled . | . . . . Allies | -11 -10 -10 -8 -------- Run | Yrd Mat Sub Mat Total Allies 1 | . . . 1 Largest Group 1 | . . . 1 Highest-Rated Group 16 | . . . 16 Highest-Rated Ally 16 | . . . 16 Total Orders . | . . . . Ally Attacks 5 | . . . 5 Total Damage 44 | . . . 44 Kills 1 | . . . 1 Allies Corrupted . | . . . . Allies Melted . | . . . . X0-1V1 Amusement Gains 28 | . 14 . 14 Good Acts 23 | . . 4 19 Bad Acts 21 | . . 2 19 Intel | -11 -10 -10 -8 ------- Run | Yrd Mat Sub Mat Active Infowar (turns) 251 | . 1 . 250 Optics 250 | . . . 250 Sensors 8 | . . . 8 ECM 1 | . 1 . . Robot Analysis Total . | . . . . Derelict Logs Recovered 1 | . . 1 . Drone Launches . | . . . . Drone Recoveries . | . . . . Exploration | -11 -10 -10 -8 ------------- Run | Yrd Mat Sub Mat Turns Passed 704 | 15 147 288 254 Spaces Moved 640 | 28 97 340 175 Core 562 | 28 97 340 97 Treads . | . . . . Legs . | . . . . Wheels 78 | . . . 78 Hover . | . . . . Flight . | . . . . Fastest Speed 50 | 50 50 50 50 Average Speed 62 | 50 50 55 87 Slowest Speed 200 | 50 50 150 200 Overloaded Moves . | . . . . Propulsion Burnouts . | . . . . Robots Hopped . | . . . . Potential Cave-ins . | . . . . Cave-ins Triggered . | . . . . Exploration Rate (%) 19 | 3 17 35 21 Regions Visited 3 Branch Regions 1 Pre-discovered Areas 1 | . . 1 . Known Exits Taken 1 | . . 1 . Unknown Exits Taken 2 | 1 1 . . Scrap Searched . | . . . . Spaces Dug 12 | . . . 12 Terrain Destroyed 60 | . . 5 55 Melee 3 | . . . 3 Projectile . | . . . . AOE 57 | . . 5 52 Terrain Rammed . | . . . . Walls Destroyed . | . . . . Machines Disabled . | . . . . Actions | -11 -10 -10 -8 --------- Run | Yrd Mat Sub Mat Total 894 | 28 193 437 236 Wait 177 | . 92 85 . Move 637 | 27 96 339 175 Hop . | . . . . Pick Up 13 | 1 3 3 6 Fast Attach 12 | . 2 . 10 Attach 11 | . . 5 6 Detach 5 | . . 4 1 Swap 2 | . . . 2 Drop 7 | . . . 7 Fire 9 | . . 1 8 Melee 20 | . . . 20 Ram 1 | . . . 1 Kick . | . . . . Crush . | . . . . Escape Stasis . | . . . . Rewire . | . . . . Trap . | . . . . Miscellaneous . | . . . . Route ------- -11/Scrapyard -10/Materials -10/Subcaves -8/Materials (discovered 2 exits: Fac / Sto) History --------- Turn | Location | Event 4 | -11/Scrapyard | Discovered new exit (range 14) 16 | -11/Scrapyard | Entered Materials 136 | -10/Materials | Discovered new exit (range 4) 159 | -10/Materials | Prayed at D.C.S.S. Altar Unit 163 | -10/Materials | Entered Subcaves 164 | -10/Subcaves | Approached by a straggling Scientist 169 | -10/Subcaves | Core integrity permanently improved by X0-1V1 (+200) 266 | -10/Subcaves | Energy capacity permanently improved by X0-1V1 (+200; -100 max core) 284 | -10/Subcaves | Shifting Twisted Machinery released Sub. Beam Cannon 314 | -10/Subcaves | Build established: Mutant 319 | -10/Subcaves | Inventory capacity permanently improved by X0-1V1 (+1; -100 max core) 370 | -10/Subcaves | Shifting Twisted Machinery released Sub. Laser 446 | -10/Subcaves | Learned location of Recycling (-8) 446 | -10/Subcaves | Identified exit to Materials 446 | -10/Subcaves | X0-1V1 revealed exit location to -8/Materials 451 | -10/Subcaves | Entered Materials 451 | -8/Materials | Evolved 4 slots: Propulsion x2, Utility x2 469 | -8/Materials | X0-1V1 sent you into danger 471 | -8/Materials | X0-1V1 activates XOMVISION 478 | -8/Materials | X0-1V1 foreshadows a heat wave 484 | -8/Materials | X0-1V1 announced a LAN party 486 | -8/Materials | X0-1V1 added 0b10 threat records associated with you (minor) 489 | -8/Materials | X0-1V1 released a cloud of subatomizers 490 | -8/Materials | X0-1V1 sent you to a vault 492 | -8/Materials | Found Prototype Slashing Weapon 492 | -8/Materials | Identified Scimitar of Distortion 503 | -8/Materials | Identified exit to Factory 503 | -8/Materials | X0-1V1 revealed exit location to -7/Factory 504 | -8/Materials | X0-1V1 mutated your Weapon slot to Power slot 517 | -8/Materials | X0-1V1 sent hostile B-36 Bruiser (x1) 519 | -8/Materials | X0-1V1 sent you into danger 622 | -8/Materials | Identified exit to Storage 622 | -8/Materials | X0-1V1 revealed exit location to -8/Storage 639 | -8/Materials | Ambient heat levels rising (+10) 652 | -8/Materials | X0-1V1 turns hostiles against one another 684 | -8/Materials | X0-1V1 activates XOMVISION 686 | -8/Materials | X0-1V1 sent you into danger 702 | -8/Materials | Lost 3 parts (1p1n1u) 705 | -8/Materials | Self-destructed Last Messages --------------- attention in your data streams. 00684_ X0-1V1: "Enjoy your XOMVISION!" 00685_ A-02 Transporter heat short circuits Lgt. Treads. 00686_ X0-1V1: "Enjoy the ride!" 00687_ U-05 Engineer heat damages core (-2). 00688_ K-01 Serf collects debris. 00689_ X0-1V1: "The ol' switcheroo!" Form resolidifies at new position. 00690_ ALERT: Garrison Access compromised, dispatching multiple assault carriers. 00691_ Acquired System Shield. 00693_ ALERT: Hostiles spotted, dispatching reinforcements to Terminal M011. 00696_ X0-1V1 lends a hand with your twisted circuits (-3 system corruption). 00701_ X0-1V1: "Assault is a crime, you know!" (assault recalled) 00701_ Slammed into W-25 Informer. 00702_ W-25 Informer heat spikes uncontrollably. Map ----- +----------------------------------------------------+ | ????????????????????????????? | | ????????????????????????????? | | ????????????????????????????? | | ????????????????????????????? | | ????????????????????????????? | | ????????????????????????????? | | ????????????????????????????? | | ???????????????###########??? | | ???????????????# #??# | | ???????????????# #### | | ???????????????# # | | ???????????????# + ! | | ???????????????# # | | ???????????????# ### | | ???????????????# ### | | ???????????????#####+#####?#[ | | ??????????????????##!####### | | ??????????????????# ! ##+ | | ?????????????????##[=* =%## | | ????????????????#####/##%*## | | ????????????????# %=##==## | | ????????????????# [ !##% ## | | ????????????????# [ " % # | | ########????????# # # | | # ![ #????????# !# %/= | | # @! #????????# # # | | # [! #???????######### ### | | # #???????# # #?? | | # #?????? # """ + +?? | | # """ ###+## # """ / # #?? | | # """ + # """ # #?? | | # """ # + """ ! # #?? | | #! ## ###g # g # +?? | | # """ ## #????######### #?? | | # """ ##w#????????????#= #?? | | # """ ## #?????????#### =### | | # ## #?????????? ## | | ## ""#### #????????? ## | | ?#S""???# #????????##### ## | | ?#"" ####+###??????????# ## | | ???### #??????????# # | | ?????#** +?????????## | | ?????#** * #?????????+ | | ?????#* #?????????##+## | | ?????# #??????????# | | ?????# #??????????# | | ?????########??????????# | | ???????????????????????# | | ???????????????????????# | | ???????????????????????# | +----------------------------------------------------+ Best States ------------- Heat Dissipation 31 Energy Generation 19 Energy Capacity 1250 Matter Stores 300 Matter Capacity 700 Sight Range 23 Robot Scan Range 15 Terrain Scan Density 10 Base Temperature (-) 100 Armor Coverage 600 Utility Shielding 66 Evasion (%) 50 Targeting Accuracy 5 Defensive Hacking 10 Item Schematics ----------------- None Robot Schematics ------------------ None Fabricated ------------ Nothing Repaired ---------- Nothing Studied --------- None Alien Tech Used ----------------- None Achievements -------------- Chaos Is Inevitable Challenges ------------ None Game ------ Seed RagnarokChargeForcegen Manual? 0 Play Time 00:14:35 Cumulative 43.5 hours Start 2026.06.26 @ 01:29:29 End 2026.06.26 @ 13:27:33 Sessions 2 Manual Loads 0 Difficulty Rogue Special Mode None Game No. 101 Rogue 101 Adventurer 0 Explorer 0 Win Type - Total 4 Types 3/0/0/1/0/0/0/0/0/0 Lore% 40 Gallery% 35 Achievement% 39 Wizard Run 0 Options --------- Layout 1 ASCII 0 Keyboard 0 Movement Mouse Keybinds 0 Fullscreen 1 Font 16/SmallcapsGlow Map View 50x40 Zoom Use 0% Tactical HUD 1 Map Filters NONE Filters NONE Steam SD RUN: a51bdbed-5b98-451c-9dec-c009da04d53c